Saguenéens vs Blackdemons
Created - 3 mars 2016 at 19:32
Goals
|
| Saguenéens |
1 |
1 |
1 |
3 |
| Blackdemons |
1 |
3 |
1 |
5 |
|
Shots
|
| Saguenéens |
6 |
16 |
17 |
39 |
| Blackdemons |
5 |
16 |
9 |
30 |
|
1st period
1. Saguenéens , David Laliberté 28 (Kyle Brodziak) at 11:31
2. Blackdemons , Matt Irwin 13 (Richard Park, Chris Mason) at 16:56 (SH)
Penalties :
Dalton Prout (Chi) for Tripping (Minor) at 2:14, Dalton Prout (Chi) for Holding (Minor) at 8:19, Mathieu Dandenault (MJM) for Cross-checking (Minor) at 15:42
2nd period
3. Blackdemons , Scott Timmins 2 (Ben Maxwell) at 11:02
4. Saguenéens , Brian Flynn 13 (Karel Pilar, Mathieu Perreault) at 13:36
5. Blackdemons , Richard Park 16 (Michael Haley, Shawn Matthias) at 17:05 (PP)
6. Blackdemons , Bryan Rust 2 (Scott Timmins, Ben Maxwell) at 19:27
Penalties :
Zach Boychuk (MJM) for Slashing (Minor) at 0:22, J.T. Wyman (Chi) for Holding (Minor) at 8:48, Dalton Prout (Chi) for Hooking (Minor) at 16:07, Kyle Brodziak (Chi) for Interference (Minor) at 17:08
3rd period
7. Saguenéens , David Laliberté 29 (Tim Kennedy, Mathieu Perreault) at 4:16
8. Blackdemons , Zach Boychuk 44 (Barry Tallackson, Wayne Primeau) at 19:16 (Empty Net)
Penalties :
Michael Haley (MJM) for Holding (Minor) at 11:25, Wayne Primeau (MJM) for Hooking (Minor) at 13:54
Goalie Stats
Harru Sateri (Chi), 25 saves from 29 shots - (0,862), L, 16-10-2, 59:30 minutes
Chris Mason (MJM), 36 saves from 39 shots - (0,923), W, 28-11-3, 60:00 minutes
Players Stats for Saguenéens
Player Name G A P +/- PIM S H SB GA TA FO MP PP MP PK MP
------------------------------------------------------------------------------------
Brandon Burlon 0 0 0 2 0 2 1 4 0 0 0/0 13:16 0:00 0:00
Brendan Ranford 0 0 0 0 0 0 0 1 0 0 0/0 7:42 0:00 1:25
Brett Lebda 0 0 0 1 0 2 2 1 0 1 0/0 28:33 4:03 5:18
Brian Flynn 1 0 1 0 0 3 0 0 0 0 4/6 13:46 3:47 0:55
Dalton Prout 0 0 0 -1 6 0 1 1 0 1 0/0 10:36 0:00 0:00
David Laliberté 2 0 2 1 0 4 2 1 0 2 1/1 18:21 3:47 2:09
J.T. Wyman 0 0 0 -2 2 3 1 1 1 0 0/0 19:57 4:09 0:00
Jerry D'Amigo 0 0 0 0 0 0 0 0 0 0 0/0 6:17 0:00 0:00
Jim O'Brien 0 0 0 0 0 2 0 1 1 0 2/5 10:20 0:00 3:41
Karel Pilar 0 1 1 -1 0 6 2 4 4 0 0/0 21:06 3:53 3:36
Kevin Marshall 0 0 0 1 0 4 3 2 0 1 0/0 28:33 4:03 5:18
Kris Russell 0 0 0 -4 0 1 0 3 0 0 0/0 18:11 3:53 3:36
Kyle Brodziak 0 1 1 -3 2 5 1 0 0 1 18/41 24:16 4:09 3:59
Mathieu Perreault 0 2 2 1 0 2 2 0 2 0 10/16 15:51 3:47 0:19
Rhett Rakhshani 0 0 0 0 0 0 1 0 0 1 0/0 8:44 0:00 0:00
Tim Kennedy 0 1 1 2 0 1 2 0 0 1 0/0 16:39 0:00 5:00
Tyler McNeely 0 0 0 -1 0 1 1 0 0 0 0/0 9:24 0:00 0:20
Tyler Pitlick 0 0 0 -1 0 3 2 0 0 0 2/3 19:29 4:09 0:00
Players Stats for Blackdemons
Player Name G A P +/- PIM S H SB GA TA FO MP PP MP PK MP
------------------------------------------------------------------------------------
Andrew MacDonald 0 0 0 -1 0 1 3 3 0 0 0/0 20:15 3:02 2:47
Barry Tallackson 0 1 1 1 0 3 2 2 2 0 7/10 22:58 3:59 4:42
Ben Maxwell 0 2 2 2 0 2 0 0 0 0 4/6 7:10 0:00 0:00
Bryan Rust 1 0 1 2 0 1 0 0 0 0 0/0 7:10 0:00 0:00
Calvin de Haan 0 0 0 2 0 0 0 1 0 2 0/0 11:20 0:00 0:00
Eric Wellwood 0 0 0 -1 0 2 1 0 0 1 1/1 12:23 0:00 2:34
Jakub Kindl 0 0 0 0 0 2 1 0 2 1 0/0 28:25 5:52 5:09
Mathieu Dandenault 0 0 0 -2 2 1 2 1 0 0 0/1 11:34 0:02 1:42
Matt Hunwick 0 0 0 0 0 3 1 2 0 0 0/0 28:25 5:52 5:09
Matt Irwin 1 0 1 -1 0 3 1 4 1 0 0/0 20:15 3:02 2:47
Michael Haley 0 1 1 -1 2 0 2 0 0 0 0/0 16:40 4:41 0:25
Patrice Cormier 0 0 0 0 0 0 1 1 1 1 9/18 14:20 0:05 0:00
Richard Park 1 1 2 -1 0 5 0 0 0 0 0/2 20:51 4:41 4:39
Scott Timmins 1 1 2 3 0 1 0 1 0 1 0/0 8:49 0:43 0:04
Shawn Matthias 0 1 1 -1 0 1 2 0 1 1 10/20 16:06 4:41 0:00
Steve Oleksy 0 0 0 2 0 0 1 0 1 0 0/0 11:20 0:00 0:00
Wayne Primeau 0 1 1 -1 2 1 1 0 0 0 3/12 15:02 3:42 1:34
Zach Boychuk 1 0 1 1 2 4 3 3 0 1 1/2 18:57 4:08 0:12
3 Stars
1 - David Laliberté (Chi)
2 - Scott Timmins (MJM)
3 - Ben Maxwell (MJM)
Power Play
Saguenéens - 0 on 4 Attempt(s) - 0,00%
Blackdemons - 1 on 5 Attempt(s) - 20,00%
Penalty Kill
Saguenéens - 4 on 5 Attempt(s) - 80,00%
- Score 0 goal in Penalty Kill
Blackdemons - 4 on 4 Attempt(s) - 100,00%
- Score 1 goal in Penalty Kill
Team Stat
Saguenéens - Hits : 21 - Faceoff Wins : 37 - Blocked Shots : 19 - Penalty Minutes : 10
Blackdemons - Hits : 21 - Faceoff Wins : 35 - Blocked Shots : 18 - Penalty Minutes : 8
Official
Referees : Auger Stephane and Fraser Kerry
Linesman : Shane Heyer and Don Henderson
Game Notes
Zach Boychuk has scored in a empty net!
Finance
Level 1 -- Attendance: 1550 (77,50%) -- Ticket Income 46 500 $
Level 2 -- Attendance: 756 (75,60%) -- Ticket Income 7 560 $
Total Attendance: 2306 (76,87%)
Total Ticket Income: 54 060 $
Other Income: 2 703 $
Total Income: 56 763 $
Saguenéens
5 vs 5 Forward
Center Left Wing Right Wing Time % Phy DF OF
1 Kyle Brodziak J.T. Wyman Tyler Pitlick 40 1 2 2
2 Mathieu Perreault Tim Kennedy David Laliberté 30 1 2 2
3 Brian Flynn Tyler McNeely Rhett Rakhshani 20 1 2 2
4 Jim O'Brien Brendan Ranford Jerry D'Amigo 10 1 2 2
5 vs 5 Defense
Defense Defense Time % Phy DF OF
1 Brett Lebda Kevin Marshall 40 1 2 2
2 Karel Pilar Brandon Burlon 31 1 2 2
3 Kris Russell Dalton Prout 23 1 2 2
4 Brett Lebda Karel Pilar 6 1 2 2
PowerPlay Forward
Center Left Wing Right Wing Time % Phy DF OF
1 Kyle Brodziak J.T. Wyman Tyler Pitlick 60 1 2 2
2 Mathieu Perreault Brian Flynn David Laliberté 40 1 2 2
PowerPlay Defense
Defense Defense Time % Phy DF OF
1 Brett Lebda Kevin Marshall 50 1 2 2
2 Karel Pilar Kris Russell 50 1 2 2
Penalty Kill 4 Players Forward
Center Wing Time % Phy DF OF
1 Kyle Brodziak Tim Kennedy 60 1 2 2
2 Jim O'Brien David Laliberté 40 1 2 2
Penalty Kill 4 Players Defense
Defense Defense Time % Phy DF OF
1 Brett Lebda Kevin Marshall 60 1 2 2
2 Karel Pilar Kris Russell 40 1 2 2
Penalty Kill - 3 Players Forward
Forward Time % Phy DF OF
1 Kyle Brodziak 60 1 2 2
2 David Laliberté 40 1 2 2
Penalty Kill - 3 Players Defense
Defense Defense Time % Phy DF OF
1 Brett Lebda Kevin Marshall 60 1 2 2
2 Karel Pilar Kris Russell 40 1 2 2
4 vs 4 Forward
Center Wing Time % Phy DF OF
1 Kyle Brodziak Tyler Pitlick 60 1 2 2
2 Brian Flynn Tim Kennedy 40 1 2 2
4 vs 4 Defense
Defense Defense Time % Phy DF OF
1 Brett Lebda Kevin Marshall 60 1 2 2
2 Karel Pilar Kris Russell 40 1 2 2
Last Minutes Offensive
Center Left Wing Right Wing Defense Defense
Kyle Brodziak J.T. Wyman David Laliberté Brett Lebda Karel Pilar
Last Minutes Defensive
Center Left Wing Right Wing Defense Defense
Kyle Brodziak J.T. Wyman David Laliberté Brett Lebda Karel Pilar
Goaltenders
Starting : Harru Sateri
Backup : Al Montoya
Extra Forwards
Normal : Tim Kennedy, Brian Flynn, Jim O'Brien - PP : Tim Kennedy, David Laliberté - PK : Tim Kennedy
Extra Defensemen
Normal : Karel Pilar, Dalton Prout, Kevin Marshall - PP : Brandon Burlon - PK : Kris Russell, Dalton Prout
Penalty Shots
Kyle Brodziak, J.T. Wyman, David Laliberté, Brian Flynn, Mathieu Perreault
Blackdemons
5 vs 5 Forward
Center Left Wing Right Wing Time % Phy DF OF
1 Patrice Cormier Zach Boychuk Barry Tallackson 40 1 2 2
2 Shawn Matthias Michael Haley Richard Park 30 1 2 2
3 Wayne Primeau Eric Wellwood Mathieu Dandenault 20 1 2 2
4 Ben Maxwell Scott Timmins Bryan Rust 10 1 2 2
5 vs 5 Defense
Defense Defense Time % Phy DF OF
1 Matt Hunwick Jakub Kindl 40 1 2 2
2 Matt Irwin Andrew MacDonald 30 1 2 2
3 Steve Oleksy Calvin de Haan 20 1 2 2
4 Matt Hunwick Jakub Kindl 10 1 2 2
PowerPlay Forward
Center Left Wing Right Wing Time % Phy DF OF
1 Wayne Primeau Zach Boychuk Barry Tallackson 60 1 2 2
2 Shawn Matthias Michael Haley Richard Park 40 1 2 2
PowerPlay Defense
Defense Defense Time % Phy DF OF
1 Matt Hunwick Jakub Kindl 60 1 2 2
2 Matt Irwin Andrew MacDonald 40 1 2 2
Penalty Kill 4 Players Forward
Center Wing Time % Phy DF OF
1 Barry Tallackson Richard Park 60 1 2 2
2 Mathieu Dandenault Wayne Primeau 40 1 2 2
Penalty Kill 4 Players Defense
Defense Defense Time % Phy DF OF
1 Matt Hunwick Jakub Kindl 60 1 2 2
2 Matt Irwin Andrew MacDonald 40 1 2 2
Penalty Kill - 3 Players Forward
Forward Time % Phy DF OF
1 Mathieu Dandenault 60 1 2 2
2 Richard Park 40 1 2 2
Penalty Kill - 3 Players Defense
Defense Defense Time % Phy DF OF
1 Matt Hunwick Jakub Kindl 60 1 2 2
2 Matt Irwin Andrew MacDonald 40 1 2 2
4 vs 4 Forward
Center Wing Time % Phy DF OF
1 Barry Tallackson Richard Park 60 1 2 2
2 Mathieu Dandenault Wayne Primeau 40 1 2 2
4 vs 4 Defense
Defense Defense Time % Phy DF OF
1 Matt Hunwick Jakub Kindl 60 1 2 2
2 Matt Irwin Andrew MacDonald 40 1 2 2
Last Minutes Offensive
Center Left Wing Right Wing Defense Defense
Wayne Primeau Zach Boychuk Barry Tallackson Matt Hunwick Matt Irwin
Last Minutes Defensive
Center Left Wing Right Wing Defense Defense
Wayne Primeau Zach Boychuk Barry Tallackson Matt Hunwick Jakub Kindl
Goaltenders
Starting : Chris Mason
Backup : Andrew Hammond
Extra Forwards
Normal : Scott Timmins, Patrice Cormier, Eric Wellwood - PP : Scott Timmins, Patrice Cormier - PK : Eric Wellwood
Extra Defensemen
Normal : Steve Oleksy, Calvin de Haan, Matt Irwin - PP : Steve Oleksy - PK : Calvin de Haan, Matt Irwin
Penalty Shots
Barry Tallackson, Richard Park, Mathieu Dandenault, Wayne Primeau, Shawn Matthias
% Time on Ice - Saguenéens
Lines # - Real PCT - Wanted PCT - Time Play
Normal Forward
1 - 37% - 40% - 15:44
2 - 28% - 30% - 12:00
3 - 20% - 20% - 8:44
4 - 15% - 10% - 6:17
Normal Defense
1 - 45% - 40% - 19:12
2 - 33% - 31% - 14:17
3 - 22% - 23% - 9:16
4 - 0% - 6% - 0:00
PP Forward
1 - 52% - 60% - 4:09
2 - 48% - 40% - 3:47
PP Defense
1 - 51% - 50% - 4:03
2 - 49% - 50% - 3:53
PK Forward
1 - 76% - 60% - 6:45
2 - 24% - 40% - 2:09
PK Defense
1 - 60% - 60% - 5:18
2 - 40% - 40% - 3:36
PK3 Forward
1 - 0% - 60%
2 - 0% - 40%
PK3 Defense
1 - 0% - 60%
2 - 0% - 40%
44 Forward
1 - 0% - 60%
2 - 0% - 40%
44 Defense
1 - 0% - 60%
2 - 0% - 40%
Last Minute Offensive - 0:25
Last Minute Defensive - 0:00
Total
Forward - 60:00
Defense - 60:00
|
% Time on Ice - Blackdemons
Lines # - Real PCT - Wanted PCT - Time Play
Normal Forward
1 - 35% - 40% - 14:51
2 - 28% - 30% - 11:57
3 - 21% - 20% - 8:50
4 - 17% - 10% - 7:10
Normal Defense
1 - 40% - 40% - 17:02
2 - 34% - 30% - 14:26
3 - 26% - 20% - 11:20
4 - 0% - 10% - 0:00
PP Forward
1 - 47% - 60% - 4:13
2 - 53% - 40% - 4:41
PP Defense
1 - 66% - 60% - 5:52
2 - 34% - 40% - 3:02
PK Forward
1 - 70% - 60% - 5:32
2 - 30% - 40% - 2:24
PK Defense
1 - 65% - 60% - 5:09
2 - 35% - 40% - 2:47
PK3 Forward
1 - 0% - 60%
2 - 0% - 40%
PK3 Defense
1 - 0% - 60%
2 - 0% - 40%
44 Forward
1 - 0% - 60%
2 - 0% - 40%
44 Defense
1 - 0% - 60%
2 - 0% - 40%
Last Minute Offensive - 0:00
Last Minute Defensive - 0:22
Total
Forward - 60:00
Defense - 60:00
|
Play by Play
1st period
0:01 of 1st period - Patrice Cormier wins face-off versus Kyle Brodziak in neutral zone.
0:31 of 1st period - Mathieu Perreault is hit by Matt Irwin and loses puck.
0:50 of 1st period - Icing by Brian Flynn.
0:51 of 1st period - Brian Flynn wins face-off versus Wayne Primeau in Saguenéens zone.
1:29 of 1st period - Icing by Steve Oleksy.
1:30 of 1st period - Wayne Primeau wins face-off versus Kyle Brodziak in Blackdemons zone.
2:05 of 1st period - Wrist shot by Eric Wellwood.
2:05 of 1st period - Stopped by Harru Sateri with a rebound.
2:14 of 1st period - Minor Penalty to Dalton Prout for Tripping.
2:15 of 1st period - Kyle Brodziak wins face-off versus Shawn Matthias in Saguenéens zone.
2:15 of 1st period - Kyle Brodziak is hit by Shawn Matthias.
3:06 of 1st period - Richard Park is hit by Kevin Marshall and loses puck.
4:14 of 1st period - Penalty to Dalton Prout is over, Dalton Prout is back on ice.
4:29 of 1st period - Rhett Rakhshani is hit by Andrew MacDonald and loses puck.
5:03 of 1st period - Bryan Rust is hit by Tim Kennedy.
5:33 of 1st period - Karel Pilar is hit by Mathieu Dandenault and loses puck.
5:54 of 1st period - Richard Park is hit by Rhett Rakhshani.
6:04 of 1st period - Zach Boychuk is hit by Brett Lebda and loses puck.
6:24 of 1st period - Slapshot by Jakub Kindl.
6:24 of 1st period - Stopped by Harru Sateri with a rebound.
7:58 of 1st period - Shawn Matthias is hit by Tyler McNeely.
8:10 of 1st period - Jakub Kindl is hit by David Laliberté and loses puck.
8:19 of 1st period - Minor Penalty to Dalton Prout for Holding.
8:20 of 1st period - Wayne Primeau wins face-off versus Kyle Brodziak in Saguenéens zone.
9:27 of 1st period - Karel Pilar is hit by Barry Tallackson and loses puck.
10:19 of 1st period - Penalty to Dalton Prout is over, Dalton Prout is back on ice.
10:29 of 1st period - Snap shot by David Laliberté.
10:29 of 1st period - Shot Blocked by Matt Irwin.
10:43 of 1st period - Wrist shot by David Laliberté.
10:43 of 1st period - Shot Misses the Net.
10:47 of 1st period - Snap shot by Jim O'Brien.
10:47 of 1st period - Stopped by Chris Mason without a rebound.
10:48 of 1st period - Kyle Brodziak wins face-off versus Ben Maxwell in Blackdemons zone.
10:53 of 1st period - Snap shot by Kyle Brodziak.
10:53 of 1st period - Shot Misses the Net.
10:55 of 1st period - Slapshot by Dalton Prout.
10:55 of 1st period - Deflect By Tyler Pitlick.
10:55 of 1st period - Shot Misses the Net.
10:55 of 1st period - Puck is out of play.
10:56 of 1st period - Ben Maxwell wins face-off versus Kyle Brodziak in Blackdemons zone.
11:01 of 1st period - Slapshot by J.T. Wyman.
11:01 of 1st period - Stopped by Chris Mason without a rebound.
11:02 of 1st period - Patrice Cormier wins face-off versus Kyle Brodziak in Blackdemons zone.
11:02 of 1st period - Patrice Cormier is hit by Kevin Marshall.
11:31 of 1st period - Slapshot by David Laliberté.
11:31 of 1st period - Goal by David Laliberté - Saguenéens : 1 - Blackdemons : 0.
11:32 of 1st period - Kyle Brodziak wins face-off versus Patrice Cormier in neutral zone.
11:51 of 1st period - Patrice Cormier is hit by Kyle Brodziak and loses puck.
12:26 of 1st period - Snap shot by Brett Lebda.
12:26 of 1st period - Stopped by Chris Mason with a rebound.
12:32 of 1st period - Slapshot by Brett Lebda.
12:32 of 1st period - Shot Misses the Net.
12:34 of 1st period - Slapshot by Rhett Rakhshani.
12:34 of 1st period - Shot Misses the Net.
12:36 of 1st period - Slapshot by Kevin Marshall.
12:36 of 1st period - Deflect By Rhett Rakhshani.
12:36 of 1st period - Shot Misses the Net.
12:36 of 1st period - Puck is out of play.
12:37 of 1st period - Patrice Cormier wins face-off versus Kyle Brodziak in Blackdemons zone.
12:42 of 1st period - Slapshot by Matt Hunwick.
12:42 of 1st period - Stopped by Harru Sateri without a rebound.
12:43 of 1st period - Kyle Brodziak wins face-off versus Patrice Cormier in Saguenéens zone.
12:43 of 1st period - Kyle Brodziak is hit by Zach Boychuk.
12:49 of 1st period - Slapshot by Barry Tallackson.
12:49 of 1st period - Shot Blocked by Brandon Burlon.
13:35 of 1st period - Wrist shot by Karel Pilar.
13:35 of 1st period - Stopped by Chris Mason with a rebound.
13:37 of 1st period - Slapshot by Brandon Burlon.
13:37 of 1st period - Shot Blocked by Barry Tallackson.
13:39 of 1st period - Slapshot by Karel Pilar.
13:39 of 1st period - Deflect By Kyle Brodziak.
13:39 of 1st period - Shot Blocked by Matt Hunwick.
13:39 of 1st period - Puck is out of play.
13:40 of 1st period - Mathieu Perreault wins face-off versus Shawn Matthias in Blackdemons zone.
13:41 of 1st period - Slapshot by Brett Lebda.
13:41 of 1st period - Stopped by Chris Mason without a rebound.
13:42 of 1st period - David Laliberté wins face-off versus Shawn Matthias in Blackdemons zone.
14:07 of 1st period - Brett Lebda is hit by Mathieu Dandenault and loses puck.
14:49 of 1st period - Matt Hunwick is hit by Tim Kennedy and loses puck.
15:08 of 1st period - Kris Russell is hit by Patrice Cormier.
15:30 of 1st period - Slapshot by Rhett Rakhshani.
15:30 of 1st period - Shot Misses the Net.
15:32 of 1st period - Wrist shot by Brian Flynn.
15:32 of 1st period - Shot Misses the Net.
15:42 of 1st period - Minor Penalty to Mathieu Dandenault for Cross-checking.
15:43 of 1st period - Barry Tallackson wins face-off versus Kyle Brodziak in Blackdemons zone.
15:52 of 1st period - Brett Lebda is hit by Jakub Kindl and loses puck.
16:39 of 1st period - Wayne Primeau is hit by Mathieu Perreault and loses puck.
16:56 of 1st period - Slapshot by Matt Irwin.
16:56 of 1st period - Goal by Matt Irwin - Saguenéens : 1 - Blackdemons : 1.
16:57 of 1st period - Barry Tallackson wins face-off versus Kyle Brodziak in neutral zone.
17:40 of 1st period - Eric Wellwood is hit by David Laliberté and loses puck.
17:42 of 1st period - Penalty to Mathieu Dandenault is over, Mathieu Dandenault is back on ice.
17:57 of 1st period - Wrist shot by Scott Timmins.
17:57 of 1st period - Shot Misses the Net.
17:59 of 1st period - Slapshot by Matt Hunwick.
17:59 of 1st period - Deflect By Scott Timmins.
17:59 of 1st period - Shot Blocked by Brandon Burlon.
17:59 of 1st period - Puck is out of play.
18:00 of 1st period - Shawn Matthias wins face-off versus Kyle Brodziak in Saguenéens zone.
18:07 of 1st period - Snap shot by Kyle Brodziak.
18:07 of 1st period - Shot Misses the Net.
18:27 of 1st period - Snap shot by Mathieu Dandenault.
18:27 of 1st period - Shot Misses the Net.
18:29 of 1st period - Snap shot by Mathieu Dandenault.
18:29 of 1st period - Stopped by Harru Sateri with a rebound.
18:31 of 1st period - Snap shot by Steve Oleksy.
18:31 of 1st period - Shot Blocked by Brett Lebda.
18:33 of 1st period - Snap shot by Eric Wellwood.
18:33 of 1st period - Shot Blocked by J.T. Wyman.
18:35 of 1st period - Snap shot by Mathieu Dandenault.
18:35 of 1st period - Shot Misses the Net.
18:55 of 1st period - Slapshot by Brett Lebda.
18:55 of 1st period - Shot Misses the Net.
19:30 of 1st period - Brett Lebda is hit by Shawn Matthias and loses puck.
19:43 of 1st period - Snap shot by Kyle Brodziak.
19:43 of 1st period - Shot Misses the Net.
19:45 of 1st period - Wrist shot by Kyle Brodziak.
19:45 of 1st period - Shot Misses the Net.
19:47 of 1st period - Slapshot by Brett Lebda.
19:47 of 1st period - Deflect By Kyle Brodziak.
19:47 of 1st period - Shot Misses the Net.
19:47 of 1st period - Puck is out of play.
19:48 of 1st period - Patrice Cormier wins face-off versus Mathieu Perreault in Blackdemons zone.
Goals for this period are 1 for Saguenéens vs 1 for Blackdemons.
Shots for this period are 6 for Saguenéens vs 5 for Blackdemons.
2nd period
0:01 of 2nd period - Mathieu Perreault wins face-off versus Zach Boychuk in neutral zone.
0:16 of 2nd period - Wrist shot by David Laliberté.
0:16 of 2nd period - Shot Misses the Net.
0:22 of 2nd period - Minor Penalty to Zach Boychuk for Slashing.
0:23 of 2nd period - Kyle Brodziak wins face-off versus Barry Tallackson in Blackdemons zone.
1:23 of 2nd period - Snap shot by Wayne Primeau.
1:23 of 2nd period - Stopped by Harru Sateri with a rebound.
2:08 of 2nd period - David Laliberté is hit by Michael Haley and loses puck.
2:22 of 2nd period - Penalty to Zach Boychuk is over, Zach Boychuk is back on ice.
2:34 of 2nd period - Karel Pilar is hit by Zach Boychuk and loses puck.
2:41 of 2nd period - Eric Wellwood is hit by Brandon Burlon and loses puck.
2:52 of 2nd period - Slapshot by Michael Haley.
2:52 of 2nd period - Shot Misses the Net.
3:31 of 2nd period - Wrist shot by Richard Park.
3:31 of 2nd period - Stopped by Harru Sateri without a rebound.
3:32 of 2nd period - Brian Flynn wins face-off versus Shawn Matthias in Saguenéens zone.
4:20 of 2nd period - Icing by Jim O'Brien.
4:21 of 2nd period - Shawn Matthias wins face-off versus Jim O'Brien in Saguenéens zone.
4:26 of 2nd period - Slapshot by Matt Irwin.
4:26 of 2nd period - Shot Blocked by Jim O'Brien.
4:34 of 2nd period - Slapshot by Brett Lebda.
4:34 of 2nd period - Shot Misses the Net.
4:36 of 2nd period - Slapshot by Kevin Marshall.
4:36 of 2nd period - Shot Misses the Net.
4:46 of 2nd period - Matt Irwin is hit by Tyler Pitlick and loses puck.
5:10 of 2nd period - Off-side.
5:11 of 2nd period - Shawn Matthias wins face-off versus Mathieu Perreault in neutral zone.
5:40 of 2nd period - Slapshot by Matt Hunwick.
5:40 of 2nd period - Shot Blocked by Kris Russell.
5:48 of 2nd period - Snap shot by Kyle Brodziak.
5:48 of 2nd period - Stopped by Chris Mason with a rebound.
6:19 of 2nd period - Wrist shot by Zach Boychuk.
6:19 of 2nd period - Shot Blocked by Karel Pilar.
6:21 of 2nd period - Wrist shot by Patrice Cormier.
6:21 of 2nd period - Shot Blocked by Brandon Burlon.
6:23 of 2nd period - Slapshot by Matt Hunwick.
6:23 of 2nd period - Stopped by Harru Sateri with a rebound.
6:29 of 2nd period - Snap shot by Zach Boychuk.
6:29 of 2nd period - Shot Blocked by Karel Pilar.
6:31 of 2nd period - Slapshot by Jakub Kindl.
6:31 of 2nd period - Deflect By Zach Boychuk.
6:31 of 2nd period - Shot Misses the Net.
6:31 of 2nd period - Puck is out of play.
6:32 of 2nd period - Shawn Matthias wins face-off versus Kyle Brodziak in Saguenéens zone.
6:59 of 2nd period - Mathieu Dandenault is hit by Mathieu Perreault and loses puck.
7:08 of 2nd period - Snap shot by Mathieu Perreault.
7:08 of 2nd period - Shot Blocked by Matt Irwin.
7:22 of 2nd period - Snap shot by Matt Irwin.
7:22 of 2nd period - Deflect By Scott Timmins.
7:22 of 2nd period - Shot Blocked by Kris Russell.
7:22 of 2nd period - Puck is out of play.
7:23 of 2nd period - Brian Flynn wins face-off versus Ben Maxwell in Saguenéens zone.
7:40 of 2nd period - Snap shot by Brian Flynn.
7:40 of 2nd period - Shot Misses the Net.
7:42 of 2nd period - Snap shot by Brandon Burlon.
7:42 of 2nd period - Shot Blocked by Scott Timmins.
7:44 of 2nd period - Snap shot by Brandon Burlon.
7:44 of 2nd period - Deflect By Calvin de Haan.
7:44 of 2nd period - Stopped by Chris Mason with a rebound.
7:46 of 2nd period - Slapshot by Tyler McNeely.
7:46 of 2nd period - Stopped by Chris Mason with a rebound.
7:48 of 2nd period - Snap shot by Brian Flynn.
7:48 of 2nd period - Stopped by Chris Mason without a rebound.
7:49 of 2nd period - Patrice Cormier wins face-off versus Kyle Brodziak in Blackdemons zone.
7:58 of 2nd period - Wrist shot by Barry Tallackson.
7:58 of 2nd period - Stopped by Harru Sateri with a rebound.
8:22 of 2nd period - Wrist shot by Jim O'Brien.
8:22 of 2nd period - Stopped by Chris Mason with a rebound.
8:24 of 2nd period - Slapshot by Brett Lebda.
8:24 of 2nd period - Shot Blocked by Zach Boychuk.
8:26 of 2nd period - Slapshot by Kevin Marshall.
8:26 of 2nd period - Stopped by Chris Mason without a rebound.
8:27 of 2nd period - Kyle Brodziak wins face-off versus Shawn Matthias in Blackdemons zone.
8:28 of 2nd period - Slapshot by Karel Pilar.
8:28 of 2nd period - Stopped by Chris Mason with a rebound.
8:32 of 2nd period - Snap shot by Karel Pilar.
8:32 of 2nd period - Shot Blocked by Andrew MacDonald.
8:48 of 2nd period - Minor Penalty to J.T. Wyman for Holding.
8:49 of 2nd period - Kyle Brodziak wins face-off versus Wayne Primeau in Saguenéens zone.
8:58 of 2nd period - Brett Lebda is hit by Barry Tallackson and loses puck.
9:03 of 2nd period - Backhand shot by Barry Tallackson.
9:03 of 2nd period - Stopped by Harru Sateri with a rebound.
9:05 of 2nd period - Slapshot by Jakub Kindl.
9:05 of 2nd period - Stopped by Harru Sateri with a rebound.
10:03 of 2nd period - Icing by Matt Hunwick.
10:04 of 2nd period - Shawn Matthias wins face-off versus Kyle Brodziak in Blackdemons zone.
10:31 of 2nd period - Wrist shot by Matt Irwin.
10:31 of 2nd period - Stopped by Harru Sateri without a rebound.
10:32 of 2nd period - Jim O'Brien wins face-off versus Wayne Primeau in Saguenéens zone.
10:48 of 2nd period - Penalty to J.T. Wyman is over, J.T. Wyman is back on ice.
10:54 of 2nd period - Icing by Kyle Brodziak.
10:55 of 2nd period - Ben Maxwell wins face-off versus Brian Flynn in Saguenéens zone.
10:56 of 2nd period - Backhand shot by Scott Timmins.
10:56 of 2nd period - Shot Misses the Net.
10:58 of 2nd period - Slapshot by Ben Maxwell.
10:58 of 2nd period - Stopped by Harru Sateri with a rebound.
11:00 of 2nd period - Slapshot by Scott Timmins.
11:00 of 2nd period - Shot Blocked by Karel Pilar.
11:02 of 2nd period - Snap shot by Scott Timmins.
11:02 of 2nd period - Goal by Scott Timmins - Saguenéens : 1 - Blackdemons : 2.
11:03 of 2nd period - Patrice Cormier wins face-off versus Mathieu Perreault in neutral zone.
11:06 of 2nd period - David Laliberté is hit by Zach Boychuk and loses puck.
11:36 of 2nd period - Slapshot by Karel Pilar.
11:36 of 2nd period - Shot Hit the Post.
11:38 of 2nd period - Slapshot by Karel Pilar.
11:38 of 2nd period - Shot Misses the Net.
11:40 of 2nd period - Slapshot by Brandon Burlon.
11:40 of 2nd period - Deflect By Brian Flynn.
11:40 of 2nd period - Deflect By Jakub Kindl.
11:40 of 2nd period - Shot Misses the Net.
11:40 of 2nd period - Puck is out of play.
11:41 of 2nd period - Tyler Pitlick wins face-off versus Shawn Matthias in Blackdemons zone.
11:42 of 2nd period - Wrist shot by Kyle Brodziak.
11:42 of 2nd period - Stopped by Chris Mason with a rebound.
11:44 of 2nd period - Wrist shot by Tyler Pitlick.
11:44 of 2nd period - Stopped by Chris Mason with a rebound.
11:46 of 2nd period - Snap shot by J.T. Wyman.
11:46 of 2nd period - Stopped by Chris Mason with a rebound.
11:48 of 2nd period - Backhand shot by Brandon Burlon.
11:48 of 2nd period - Shot Blocked by Matt Irwin.
11:50 of 2nd period - Slapshot by Karel Pilar.
11:50 of 2nd period - Stopped by Chris Mason with a rebound.
11:52 of 2nd period - Snap shot by Karel Pilar.
11:52 of 2nd period - Stopped by Chris Mason without a rebound.
11:53 of 2nd period - Shawn Matthias wins face-off versus Kyle Brodziak in Blackdemons zone.
12:04 of 2nd period - Wrist shot by Shawn Matthias.
12:04 of 2nd period - Shot Misses the Net.
12:06 of 2nd period - Wrist shot by Michael Haley.
12:06 of 2nd period - Shot Blocked by Kevin Marshall.
12:08 of 2nd period - Slapshot by Matt Hunwick.
12:08 of 2nd period - Shot Misses the Net.
12:45 of 2nd period - Snap shot by Brian Flynn.
12:45 of 2nd period - Stopped by Chris Mason without a rebound.
12:46 of 2nd period - Kyle Brodziak wins face-off versus Shawn Matthias in Blackdemons zone.
13:02 of 2nd period - Wrist shot by Richard Park.
13:02 of 2nd period - Shot Blocked by Brandon Burlon.
13:20 of 2nd period - Backhand shot by Zach Boychuk.
13:20 of 2nd period - Shot Blocked by Karel Pilar.
13:36 of 2nd period - Wrist shot by Brian Flynn.
13:36 of 2nd period - Goal by Brian Flynn - Saguenéens : 2 - Blackdemons : 2.
13:37 of 2nd period - Tyler Pitlick wins face-off versus Patrice Cormier in neutral zone.
13:52 of 2nd period - Slapshot by Zach Boychuk.
13:52 of 2nd period - Stopped by Harru Sateri without a rebound.
13:53 of 2nd period - Mathieu Perreault wins face-off versus Richard Park in Saguenéens zone.
14:42 of 2nd period - Rhett Rakhshani is hit by Andrew MacDonald and loses puck.
15:21 of 2nd period - Off-side.
15:22 of 2nd period - Mathieu Perreault wins face-off versus Shawn Matthias in neutral zone.
15:33 of 2nd period - Slapshot by David Laliberté.
15:33 of 2nd period - Shot Misses the Net.
15:47 of 2nd period - David Laliberté is hit by Matt Hunwick and loses puck.
15:56 of 2nd period - Slapshot by Richard Park.
15:56 of 2nd period - Stopped by Harru Sateri without a rebound.
15:57 of 2nd period - Kyle Brodziak wins face-off versus Patrice Cormier in Saguenéens zone.
16:07 of 2nd period - Minor Penalty to Dalton Prout for Hooking.
16:08 of 2nd period - Kyle Brodziak wins face-off versus Wayne Primeau in Saguenéens zone.
16:38 of 2nd period - Wrist shot by Barry Tallackson.
16:38 of 2nd period - Stopped by Harru Sateri without a rebound.
16:39 of 2nd period - Jim O'Brien wins face-off versus Shawn Matthias in Saguenéens zone.
16:47 of 2nd period - Off-side.
16:48 of 2nd period - Shawn Matthias wins face-off versus Kyle Brodziak in neutral zone.
17:01 of 2nd period - Snap shot by Richard Park.
17:01 of 2nd period - Shot Blocked by Kris Russell.
17:03 of 2nd period - Snap shot by Michael Haley.
17:03 of 2nd period - Deflect By Shawn Matthias.
17:03 of 2nd period - Stopped by Harru Sateri with a rebound.
17:05 of 2nd period - Wrist shot by Michael Haley.
17:05 of 2nd period - Deflect By Richard Park.
17:05 of 2nd period - Goal by Richard Park - Saguenéens : 2 - Blackdemons : 3.
17:06 of 2nd period - Kyle Brodziak wins face-off versus Patrice Cormier in neutral zone.
17:08 of 2nd period - Minor Penalty to Kyle Brodziak for Interference.
17:09 of 2nd period - Wayne Primeau wins face-off versus Jim O'Brien in Saguenéens zone.
17:11 of 2nd period - Snap shot by Zach Boychuk.
17:11 of 2nd period - Stopped by Harru Sateri with a rebound.
17:56 of 2nd period - Snap shot by Karel Pilar.
17:56 of 2nd period - Shot Misses the Net.
17:58 of 2nd period - Slapshot by Karel Pilar.
17:58 of 2nd period - Shot Blocked by Zach Boychuk.
18:00 of 2nd period - Wrist shot by Brian Flynn.
18:00 of 2nd period - Shot Blocked by Matt Irwin.
18:02 of 2nd period - Slapshot by Kevin Marshall.
18:02 of 2nd period - Stopped by Chris Mason with a rebound.
18:04 of 2nd period - Slapshot by Kevin Marshall.
18:04 of 2nd period - Shot Blocked by Andrew MacDonald.
18:06 of 2nd period - Slapshot by Kevin Marshall.
18:06 of 2nd period - Stopped by Chris Mason with a rebound.
18:16 of 2nd period - Kevin Marshall is hit by Michael Haley and loses puck.
18:27 of 2nd period - Jakub Kindl is hit by Kevin Marshall and loses puck.
19:06 of 2nd period - Andrew MacDonald is hit by Karel Pilar and loses puck.
19:08 of 2nd period - Penalty to Kyle Brodziak is over, Kyle Brodziak is back on ice.
19:21 of 2nd period - Backhand shot by Ben Maxwell.
19:21 of 2nd period - Shot Misses the Net.
19:23 of 2nd period - Slapshot by Ben Maxwell.
19:23 of 2nd period - Shot Misses the Net.
19:25 of 2nd period - Wrist shot by Scott Timmins.
19:25 of 2nd period - Shot Misses the Net.
19:27 of 2nd period - Snap shot by Scott Timmins.
19:27 of 2nd period - Deflect By Bryan Rust.
19:27 of 2nd period - Goal by Bryan Rust - Saguenéens : 2 - Blackdemons : 4.
19:28 of 2nd period - Kyle Brodziak wins face-off versus Patrice Cormier in neutral zone.
19:39 of 2nd period - Snap shot by Kyle Brodziak.
19:39 of 2nd period - Shot Blocked by Patrice Cormier.
Goals for this period are 1 for Saguenéens vs 3 for Blackdemons.
Shots for this period are 16 for Saguenéens vs 16 for Blackdemons.
3rd period
0:01 of 3rd period - Patrice Cormier wins face-off versus Tyler Pitlick in neutral zone.
1:09 of 3rd period - Icing by Brandon Burlon.
1:10 of 3rd period - Patrice Cormier wins face-off versus Jim O'Brien in Saguenéens zone.
1:27 of 3rd period - Wrist shot by Jim O'Brien.
1:27 of 3rd period - Shot Misses the Net.
1:29 of 3rd period - Slapshot by Brandon Burlon.
1:29 of 3rd period - Shot Hit the Post.
1:31 of 3rd period - Snap shot by Brandon Burlon.
1:31 of 3rd period - Stopped by Chris Mason without a rebound.
1:32 of 3rd period - Kyle Brodziak wins face-off versus Shawn Matthias in Blackdemons zone.
1:37 of 3rd period - Wrist shot by Kyle Brodziak.
1:37 of 3rd period - Stopped by Chris Mason with a rebound.
1:58 of 3rd period - Patrice Cormier is hit by Brett Lebda and loses puck.
3:03 of 3rd period - Wrist shot by Kevin Marshall.
3:03 of 3rd period - Deflect By Kyle Brodziak.
3:03 of 3rd period - Shot Misses the Net.
3:03 of 3rd period - Puck is out of play.
3:04 of 3rd period - Shawn Matthias wins face-off versus Kyle Brodziak in Blackdemons zone.
3:11 of 3rd period - Snap shot by Richard Park.
3:11 of 3rd period - Shot Blocked by Dalton Prout.
3:13 of 3rd period - Slapshot by Matt Hunwick.
3:13 of 3rd period - Shot Hit the Post.
3:31 of 3rd period - Wrist shot by Richard Park.
3:31 of 3rd period - Shot Blocked by David Laliberté.
3:49 of 3rd period - Slapshot by Richard Park.
3:49 of 3rd period - Stopped by Harru Sateri without a rebound.
3:50 of 3rd period - Kyle Brodziak wins face-off versus Patrice Cormier in Saguenéens zone.
3:50 of 3rd period - Kyle Brodziak is hit by Steve Oleksy.
4:04 of 3rd period - Slapshot by Karel Pilar.
4:04 of 3rd period - Deflect By Barry Tallackson.
4:04 of 3rd period - Stopped by Chris Mason with a rebound.
4:06 of 3rd period - Snap shot by Karel Pilar.
4:06 of 3rd period - Deflect By J.T. Wyman.
4:06 of 3rd period - Shot Misses the Net.
4:06 of 3rd period - Puck is out of play.
4:07 of 3rd period - Mathieu Perreault wins face-off versus Wayne Primeau in Blackdemons zone.
4:12 of 3rd period - Snap shot by David Laliberté.
4:12 of 3rd period - Stopped by Chris Mason without a rebound.
4:13 of 3rd period - Mathieu Perreault wins face-off versus Wayne Primeau in Blackdemons zone.
4:16 of 3rd period - Wrist shot by David Laliberté.
4:16 of 3rd period - Goal by David Laliberté - Saguenéens : 3 - Blackdemons : 4.
4:17 of 3rd period - Kyle Brodziak wins face-off versus Patrice Cormier in neutral zone.
5:00 of 3rd period - Icing by Brett Lebda.
5:01 of 3rd period - Mathieu Perreault wins face-off versus Patrice Cormier in Saguenéens zone.
5:10 of 3rd period - Snap shot by Tim Kennedy.
5:10 of 3rd period - Shot Blocked by Zach Boychuk.
5:12 of 3rd period - Slapshot by Kevin Marshall.
5:12 of 3rd period - Stopped by Chris Mason with a rebound.
5:14 of 3rd period - Snap shot by Mathieu Perreault.
5:14 of 3rd period - Deflect By Tim Kennedy.
5:14 of 3rd period - Stopped by Chris Mason without a rebound.
5:15 of 3rd period - Kyle Brodziak wins face-off versus Richard Park in Blackdemons zone.
5:16 of 3rd period - Snap shot by J.T. Wyman.
5:16 of 3rd period - Stopped by Chris Mason without a rebound.
5:17 of 3rd period - Shawn Matthias wins face-off versus Kyle Brodziak in Blackdemons zone.
5:17 of 3rd period - Shawn Matthias is hit by Dalton Prout.
5:34 of 3rd period - Shawn Matthias is hit by Tyler Pitlick and loses puck.
6:39 of 3rd period - Snap shot by Richard Park.
6:39 of 3rd period - Stopped by Harru Sateri with a rebound.
6:49 of 3rd period - Karel Pilar is hit by Andrew MacDonald and loses puck.
7:29 of 3rd period - Dalton Prout is hit by Wayne Primeau and loses puck.
7:34 of 3rd period - Slapshot by Matt Irwin.
7:34 of 3rd period - Stopped by Harru Sateri without a rebound.
7:35 of 3rd period - Shawn Matthias wins face-off versus Kyle Brodziak in Saguenéens zone.
10:03 of 3rd period - Slapshot by Matt Hunwick.
10:03 of 3rd period - Stopped by Harru Sateri without a rebound.
10:04 of 3rd period - Ben Maxwell wins face-off versus Kyle Brodziak in Saguenéens zone.
10:05 of 3rd period - Slapshot by Andrew MacDonald.
10:05 of 3rd period - Stopped by Harru Sateri with a rebound.
10:36 of 3rd period - Slapshot by Kris Russell.
10:36 of 3rd period - Shot Misses the Net.
10:38 of 3rd period - Wrist shot by J.T. Wyman.
10:38 of 3rd period - Shot Blocked by Andrew MacDonald.
10:40 of 3rd period - Wrist shot by Dalton Prout.
10:40 of 3rd period - Shot Misses the Net.
10:42 of 3rd period - Wrist shot by Kyle Brodziak.
10:42 of 3rd period - Stopped by Chris Mason with a rebound.
10:44 of 3rd period - Snap shot by Tyler Pitlick.
10:44 of 3rd period - Stopped by Chris Mason with a rebound.
10:46 of 3rd period - Snap shot by Kyle Brodziak.
10:46 of 3rd period - Stopped by Chris Mason without a rebound.
10:47 of 3rd period - Patrice Cormier wins face-off versus Mathieu Perreault in Blackdemons zone.
11:25 of 3rd period - Minor Penalty to Michael Haley for Holding.
11:26 of 3rd period - Barry Tallackson wins face-off versus Kyle Brodziak in Blackdemons zone.
11:57 of 3rd period - Wrist shot by Brian Flynn.
11:57 of 3rd period - Shot Misses the Net.
11:59 of 3rd period - Slapshot by Kris Russell.
11:59 of 3rd period - Stopped by Chris Mason with a rebound.
12:01 of 3rd period - Slapshot by David Laliberté.
12:01 of 3rd period - Stopped by Chris Mason without a rebound.
12:02 of 3rd period - Barry Tallackson wins face-off versus Kyle Brodziak in Blackdemons zone.
12:53 of 3rd period - Slapshot by Andrew MacDonald.
12:53 of 3rd period - Deflect By Eric Wellwood.
12:53 of 3rd period - Stopped by Harru Sateri without a rebound.
12:54 of 3rd period - Zach Boychuk wins face-off versus Mathieu Perreault in Saguenéens zone.
13:01 of 3rd period - Slapshot by Karel Pilar.
13:01 of 3rd period - Deflect By Eric Wellwood.
13:01 of 3rd period - Stopped by Chris Mason without a rebound.
13:02 of 3rd period - Barry Tallackson wins face-off versus Kyle Brodziak in Blackdemons zone.
13:02 of 3rd period - Barry Tallackson is hit by J.T. Wyman.
13:14 of 3rd period - Slapshot by Karel Pilar.
13:14 of 3rd period - Shot Misses the Net.
13:16 of 3rd period - Slapshot by Karel Pilar.
13:16 of 3rd period - Deflect By Tyler Pitlick.
13:16 of 3rd period - Shot Blocked by Barry Tallackson.
13:16 of 3rd period - Puck is out of play.
13:17 of 3rd period - Barry Tallackson wins face-off versus Kyle Brodziak in Blackdemons zone.
13:25 of 3rd period - Penalty to Michael Haley is over, Michael Haley is back on ice.
13:28 of 3rd period - Snap shot by Kyle Brodziak.
13:28 of 3rd period - Shot Misses the Net.
13:30 of 3rd period - Wrist shot by Tyler Pitlick.
13:30 of 3rd period - Stopped by Chris Mason without a rebound.
13:31 of 3rd period - Mathieu Perreault wins face-off versus Wayne Primeau in Blackdemons zone.
13:32 of 3rd period - Wrist shot by Brett Lebda.
13:32 of 3rd period - Deflect By Mathieu Perreault.
13:32 of 3rd period - Stopped by Chris Mason without a rebound.
13:33 of 3rd period - Mathieu Perreault wins face-off versus Wayne Primeau in Blackdemons zone.
13:54 of 3rd period - Minor Penalty to Wayne Primeau for Hooking.
13:55 of 3rd period - Kyle Brodziak wins face-off versus Barry Tallackson in Blackdemons zone.
14:26 of 3rd period - Slapshot by Brett Lebda.
14:26 of 3rd period - Shot Blocked by Matt Hunwick.
14:28 of 3rd period - Slapshot by Karel Pilar.
14:28 of 3rd period - Shot Misses the Net.
14:30 of 3rd period - Wrist shot by David Laliberté.
14:30 of 3rd period - Deflect By Mathieu Perreault.
14:30 of 3rd period - Stopped by Chris Mason with a rebound.
14:39 of 3rd period - Off-side.
14:40 of 3rd period - Barry Tallackson wins face-off versus Kyle Brodziak in neutral zone.
15:09 of 3rd period - Off-side.
15:10 of 3rd period - Kyle Brodziak wins face-off versus Barry Tallackson in neutral zone.
15:44 of 3rd period - Wrist shot by Brett Lebda.
15:44 of 3rd period - Deflect By David Laliberté.
15:44 of 3rd period - Shot Misses the Net.
15:44 of 3rd period - Puck is out of play.
15:45 of 3rd period - Mathieu Perreault wins face-off versus Mathieu Dandenault in Blackdemons zone.
15:46 of 3rd period - Backhand shot by Karel Pilar.
15:46 of 3rd period - Shot Misses the Net.
15:54 of 3rd period - Penalty to Wayne Primeau is over, Wayne Primeau is back on ice.
16:12 of 3rd period - Andrew MacDonald is hit by Karel Pilar and loses puck.
16:29 of 3rd period - Slapshot by Andrew MacDonald.
16:29 of 3rd period - Shot Misses the Net.
16:31 of 3rd period - Slapshot by Matt Irwin.
16:31 of 3rd period - Shot Blocked by Kevin Marshall.
16:35 of 3rd period - Wrist shot by Zach Boychuk.
16:35 of 3rd period - Stopped by Harru Sateri with a rebound.
16:37 of 3rd period - Wrist shot by Zach Boychuk.
16:37 of 3rd period - Shot Blocked by Brendan Ranford.
17:04 of 3rd period - Icing by Brett Lebda.
17:05 of 3rd period - Ben Maxwell wins face-off versus Mathieu Perreault in Saguenéens zone.
17:08 of 3rd period - Wrist shot by Ben Maxwell.
17:08 of 3rd period - Stopped by Harru Sateri with a rebound.
17:40 of 3rd period - Snap shot by Tyler McNeely.
17:40 of 3rd period - Shot Blocked by Mathieu Dandenault.
17:42 of 3rd period - Slapshot by Kevin Marshall.
17:42 of 3rd period - Shot Blocked by Calvin de Haan.
18:46 of 3rd period - Saguenéens, Harru Sateri is pulled from the net.
19:16 of 3rd period - Snap shot by Zach Boychuk.
19:16 of 3rd period - Goal by Zach Boychuk - Saguenéens : 3 - Blackdemons : 5.
19:16 of 3rd period - Harru Sateri from Saguenéens was sent back in the game.
19:17 of 3rd period - Brian Flynn wins face-off versus Wayne Primeau in neutral zone.
19:26 of 3rd period - Rhett Rakhshani is hit by Eric Wellwood.
19:29 of 3rd period - Off-side.
19:30 of 3rd period - Eric Wellwood wins face-off versus Brian Flynn in neutral zone.
Goals for this period are 1 for Saguenéens vs 1 for Blackdemons.
Shots for this period are 17 for Saguenéens vs 9 for Blackdemons.
Back to the Top